 Dungeon Crawl Stone Soup version 0.30-a0-385-gfebfb9b408 (webtiles) character file.

Game seed: 6840478821651088084

39 kae the Ruffian (level 3, -3/28 HPs)
             Began as a Draconian Transmuter on Dec 2, 2022.
             Succumbed to a goblin's poison
             ... on level 2 of the Dungeon.
             The game lasted 00:00:42 (1205 turns).

kae the Ruffian (Draconian Transmuter)              Turns: 1205, Time: 00:00:43

Health: -3/28      AC:  5    Str: 12    XL:     3   Next: 26%
Magic:  6/6        EV: 12    Int: 21    God:
Gold:   72         SH:  0    Dex: 11    Spells: 1/7 levels left

rFire   . . .      SeeInvis .    b - +0 dagger (venom)
rCold   + + .      Faith    .    (no shield)
rNeg    . . .      Spirit   .    (body armour unavailable)
rPois   +          Reflect  .    (helmet restricted)
rElec   +          Harm     .    (no cloak)
rCorr   +          Rampage  .    (no gloves)
Will    .....                    (no boots)
Stlth   +.........               (no amulet)
HPRegen 0.24/turn                I - +6 ring of intelligence
MPRegen 0.10/turn                C - ring of ice

@: lethally poisoned (-3 -> -27), resistant
A: AC +5, unfitting armour, cold-blooded
a: no special abilities


You were on level 2 of the Dungeon.
You visited 1 branch of the dungeon, and saw 2 of its levels.

You collected 72 gold pieces.


Innate Abilities, Weirdness & Mutations

Your plain brown scales are hard. (AC +5)
You cannot fit into any form of body armour.
You are cold-blooded and may be slowed by cold attacks.


   Skills:
 - Level 1.1 Fighting
 - Level 1.7 Dodging
 + Level 3.2 Unarmed Combat
 * Level 2.6 Spellcasting
 * Level 2.8 Transmutations
 * Level 0.2 Poison Magic


You had one spell level left.
You knew the following spells:

 Your Spells              Type           Power      Damage    Failure   Level
a - Beastly Appendage     Tmut           28%        N/A       4%          1
b - Wereblood             Tmut           14%        N/A       6%          2
c - Spider Form           Tmut/Pois      9%         N/A       22%         3

Your spell library contained the following spells:

 Spells                   Type           Power      Damage    Failure   Level
 Ice Form                 Ice/Tmut       13%        N/A       61%         4

Inventory:

Hand Weapons
 b - a +0 dagger of venom (weapon)
   (You took it off a goblin on level 1 of the Dungeon)
Missiles
 c - 20 stones
Magical Staves
 e - a staff of earth {!a}
   (You found it on level 2 of the Dungeon)
Jewellery
 C - a ring of ice (right hand)
   (You found it on level 1 of the Dungeon)
 I - a +6 ring of intelligence (left hand)
   (You found it on level 1 of the Dungeon)
Scrolls
 f - a scroll of identify {unknown}
 g - a scroll of teleportation {unknown}
Potions
 a - a potion of lignification {!q}

Dungeon Overview and Level Annotations

Branches:
Dungeon (2/15) Zot: 10797

Altars:

Annotations:
D:2 Sigmund

###.... .(.....##
........# ........#
#######
.$......#######..)..#
.............##.##..#
......g.....†'......#
+#@....†###.#..###
#......# #......#
#......####...###
#......##.....#
#......####...#
#.######<# #...# ##.
#.# ##..# #####..###
#.# #..#
#........####.#####.##


You could see a goblin (very poisoned).


Message History

The goblin closely misses you.
A goblin is nearby!
You hit the goblin.
The goblin is poisoned.
The goblin closely misses you.
You closely miss the goblin. The goblin hits you but does no damage.
A goblin is nearby!
You hit the goblin.
You kill the goblin!
You have reached level 3!
Your experience leads to an increase in your attributes!
Your base attributes are Str 12, Int 13, Dex 11.
Increase (S)trength, (I)ntelligence, or (D)exterity?
You feel clever. x2; Your scales feel tougher. 😎 HP[+5] MP[+1]
You now have 28 max hp (+5).
Your hp is fully restored (28).
Your mp is fully restored (6).
This spell is quite dangerous to cast!
Memorise Spider Form, consuming 3 spell levels and leaving 1?
You start memorising the spell.
You continue memorising. x3
You finish memorising.
Spell assigned to 'c'.
You now have 60 gold pieces (gained 16).
You now have 72 gold pieces (gained 12).
You open the door.
A quokka comes into view.
A quokka is nearby!
An adder comes into view.
Found 5 stones.
Found a stone staircase leading up.
The quokka barely misses you.
There is an open door here.
You closely miss the quokka.
The quokka bites you but does no damage.
There are monsters nearby!
You closely miss the quokka.
Your tail-slap misses the quokka.
The adder hisses angrily.
The quokka barely misses you.
You hit the quokka.
The quokka is poisoned.
Your tail-slap misses the quokka.
The quokka barely misses you. x2
There are monsters nearby!
You hit the quokka.
You kill the quokka!
You hit the adder.
The adder is poisoned.
The adder bites you but does no damage.
An adder is nearby!
You closely miss the adder. The adder barely misses you. The adder bites you.
You hit the adder but do no damage.
The adder bites you but does no damage. 😕 HP[-2]
You take 2 damage, and now have 26/28 hp.
An adder is nearby!
You closely miss the adder.
You kill the adder!
No target in view!
You see here an adder corpse.
c - 20 stones (gained 5)
A goblin comes into view. It is wielding a +1 dagger of venom.
The goblin shouts!
You hear an angry hiss. 😎 HP[+2]
Your hp is fully restored (28).
A kobold comes into view. It is wielding a +0 whip.
The kobold shouts!
There are monsters nearby!
The goblin closely misses you.
You hit the goblin but do no damage. The goblin closely misses you.
There are monsters nearby!
There are monsters nearby!
You completely miss the goblin.
The goblin hits you with a +1 dagger of venom.
You are poisoned.
You closely miss the goblin. You tail-slap the goblin.
You feel sick. The goblin closely misses you. 😕 HP[-3]
You take 3 damage, and now have 25/28 hp.
A goblin is nearby!
You miss the goblin.
You feel sick.
The goblin hits you with a +1 dagger of venom.
You are more poisoned.
You barely miss the goblin.
You feel very sick.
The goblin hits you with a +1 dagger of venom.
You are lethally poisoned! 😮 HP[-10]
You take 10 damage, and now have 15/28 hp.
MASSIVE DAMAGE!! (PAUSE)
You hit the goblin but do no damage.
The goblin is poisoned.
* * * LOW HITPOINT WARNING * * *
You feel very sick. The goblin barely misses you. 😨 HP[-6]
You take 6 damage, and now have 9/28 hp.
MASSIVE DAMAGE!! (PAUSE)
You barely miss the goblin.
* * * LOW HITPOINT WARNING * * *
You feel very sick.
The goblin hits you with a +1 dagger of venom.
* * * LOW HITPOINT WARNING * * *
You are more poisoned. 😱 HP[-6]
You take 6 damage, and now have 3/28 hp.
MASSIVE DAMAGE!! (PAUSE) It was a potion of resistance.
You feel protected.
You die...

Action                   || total
-------------------------++-------
Melee: Dagger            ||    80
       Unarmed           ||     5
       Kick              ||     3
       Headbutt          ||     2
       Tailslap          ||     8
       Punch             ||     2
 Cast: Beastly Appendage ||     2
  Use: Potion            ||     1
Armor: Skin              ||    20
Dodge: Dodged            ||    57

Levels and vault maps discovered:
D:1:      matt_arrival_refuge, layout_basic, shapermc_ecumenical_altar_venn
D:2:      layout_basic, basic_altar, uniq_sigmund

Notes
Turn   | Place    | Note
-------+----------+-------------------------------------------
     0 | D:1      | kae the Draconian Transmuter began the quest for the Orb.
     0 | D:1      | Reached XP level 1. HP: 16/16 MP: 3/3
     0 | D:1      | magus.rc [v1.11.3]
    47 | D:1      | HP: 4/16 [poisoned by a goblin]
    51 | D:1      | HP: 1/16 [poisoned by a goblin]
   216 | D:1      | Reached XP level 2. HP: 22/23 MP: 5/5
   725 | D:1      | Found a faded altar of an unknown god.
   976 | D:2      | Learned a level 2 spell: Wereblood
  1062 | D:2      | Noticed Sigmund
  1127 | D:2      | Reached XP level 3. HP: 28/28 MP: 6/6
  1131 | D:2      | Learned a level 3 spell: Spider Form
  1204 | D:2      | HP: 6/28 [poisoned by a goblin]
  1205 | D:2      | Succumbed to a goblin's poison

Vanquished Creatures
  An adder (D:2)
  5 ball pythons (D:1)
  3 bats (D:1)
  4 endoplasms (D:1)
  2 giant cockroaches (D:1)
  5 goblins
  3 quokkas
  2 frilled lizards (D:1)
  3 rats (D:1)
28 creatures vanquished.

Table legend:
 A = Non-vault XP
 B = Vault XP
 C = Vault XP percentage of total XP
 D = Non-vault monster count
 E = Vault monster count
 F = Vault count percentage of total count
                 A         B        C        D         E       F
            +---------+---------+-------+---------+---------+-------
      Total |      56 |       0 |   0.0 |      28 |       0 |   0.0
            +---------+---------+-------+---------+---------+-------
        D:1 |      37 |       0 |   0.0 |      24 |       0 |   0.0
        D:2 |      19 |       0 |   0.0 |       4 |       0 |   0.0
            +---------+---------+-------+---------+---------+-------

Illustrated notes

Table legend:
 A = Kills in this place as a percentage of kills in entire the game.
 B = Kills by you in this place as a percentage of kills by you in the entire game.
 C = Kills by friends in this place as a percentage of kills by friends in the entire game.
 D = Other kills in this place as a percentage of other kills in the entire game.
 E = Experience gained in this place as a percentage of experience gained in the entire game.
 F = Experience gained in this place divided by the number of levels of this place that you have seen.
                   A       B       C       D       E      F
               +-------+-------+-------+-------+-------+----------------------
         Total | 100.0 | 100.0 |   N/A |   N/A | 100.0 |  28.0
       Dungeon | 100.0 | 100.0 |   N/A |   N/A | 100.0 |  28.0
               +-------+-------+-------+-------+-------+----------------------

Table legend: (Time is in decaauts)
 A = Elapsed time spent in this place.
 B = Non-inter-level travel time spent in this place.
 C = Inter-level travel time spent in this place.
 D = Time resting spent in this place.
 E = Time spent auto-exploring this place.
 F = Levels seen in this place.
 G = Mean time per level.
                   A        B        C        D        E       F      G
               +--------+--------+--------+--------+--------+-----+--------+
         Total |   1203 |   1177 |     26 |     51 |    931 |   2 |  601.5 |
       Dungeon |   1203 |   1177 |     26 |     51 |    931 |   2 |  601.5 |
               +--------+--------+--------+--------+--------+-----+--------+

Top non-repeatable levels by time:
     D:1: 970 daAuts
     D:2: 232 daAuts
